 Dungeon Crawl Stone Soup version 0.22-a0-395-gfed312b (webtiles) character file.

8234 4thArraOfDagon the Thaumaturge (level 11, -3/68 HPs)
             Began as a Mummy Fire Elementalist on May 3, 2018.
             Was a High Priest of Vehumet.
             Slain by an eight-headed hydra (5 damage)
             ... on level 11 of the Dungeon.
             The game lasted 00:25:25 (8917 turns).

4thArraOfDagon the Thaumaturge (MuFE)               Turns: 8917, Time: 00:25:26

Health: -3/68      AC: 12    Str: 13    XL:     11   Next: 7%
Magic:  3/24       EV: 11    Int: 17    God:    Vehumet [*****.]
Gold:   536        SH:  0    Dex: 12    Spells: 15/29 levels left

rFire    + . .     SeeInvis .   f - +2 short sword of Truncation {pain, rPois rF+ rN+ MR++} (curse)
rCold    . . .     Gourm    .   (no shield)
rNeg     + + +     Faith    .   d - +3 leather armour
rPois    ∞         Spirit   .   m - +0 helmet
rElec    .         Reflect  .   (no cloak)
rCorr    .         Harm     .   (no gloves)
MR       +++..                  (no boots)
Stlth    +.........             o - amulet of regeneration
HPRegen  0.61/turn              h - ring of fire
MPRegen  0.19/turn              r - +5 ring of protection

@: no status effects
A: no food or potions, fire vulnerability, cold resistance 1, negative energy
resistance 3, torment resistance, unbreathing
a: Renounce Religion


You were on level 11 of the Dungeon.
You worshipped Vehumet.
Vehumet was extremely pleased with you.
You were not hungry.

You visited 2 branches of the dungeon, and saw 13 of its levels.

You collected 536 gold pieces.

Inventory:

Hand Weapons
 b - a +0 spear
 f - the cursed +2 short sword of Truncation (weapon) {pain, rPois rF+ rN+ MR++}
   (You found it on level 7 of the Dungeon)

   In the hands of one skilled in necromantic magic, it inflicts extra damage on
   living creatures.
   It protects you from fire.
   It protects you from poison.
   It protects you from negative energy.
   It affects your resistance to hostile enchantments.
   It has a curse placed upon it.
Armour
 a - a +0 robe
 d - a +3 leather armour (worn)
 i - a +0 cloak
 m - a +0 helmet (worn)
Jewellery
 h - a ring of fire (left hand)
 n - a +1 ring of evasion
 o - an amulet of regeneration (around neck)
 r - a +5 ring of protection (right hand)
Wands
 e - a wand of digging (9)
 l - a wand of flame (24)
Scrolls
 c - 4 scrolls of identify
 g - 2 scrolls of immolation
 j - 2 scrolls of teleportation
 k - a scroll of remove curse
 q - a scroll of magic mapping


   Skills:
 - Level 1.5 Dodging
 - Level 1.5 Stealth
 + Level 9.5 Spellcasting
 * Level 9.2 Conjurations
 * Level 9.5 Fire Magic


You had 15 spell levels left.
You knew the following spells:

 Your Spells              Type           Power        Failure   Level  Hunger
a - Flame Tongue          Conj/Fire      #####        1%          1    N/A
b - Conjure Flame         Conj/Fire      ######..     1%          3    N/A
c - Sticky Flame          Conj/Fire      ######..     1%          4    N/A
d - Fireball              Conj/Fire      ######....   1%          5    N/A
e - Apportation           Tloc           #.....       12%         1    N/A

Dungeon Overview and Level Annotations

Branches:
Dungeon (12/15)            Temple (1/1) D:5
   Lair: D:8-11         Orc: D:9-12

Altars:
Dithmenos
Elyvilon
Gozag
Hepliaklqana
Kikubaaqudgha
Makhleb
Nemelex Xobeh
Qazlal
Ru
Trog
Uskayaw
Vehumet
Xom
Zin
The Shining One

Shops:
D:8 [

Annotations:
D:11 iamserjio's ghost, journeyman BaWz


Innate Abilities, Weirdness & Mutations

You do not eat or drink.
Your flesh is vulnerable to fire.
You are immune to poison.
Your flesh is cold resistant. (rC+)
You are immune to negative energy. (rN+++)
You are immune to unholy pain and torment.
You can survive without breathing.


Message History

The eight-headed hydra bites you but does no damage. x3
The eight-headed hydra bites you!
The eight-headed hydra bites you but does no damage.
The eight-headed hydra barely misses you.
The eight-headed hydra bites you but does no damage.
Unknown command.
Unknown command.
Unknown command.
Unknown command.
The eight-headed hydra bites you!
* * * LOW HITPOINT WARNING * * *
The eight-headed hydra bites you!
* * * LOW HITPOINT WARNING * * *
The eight-headed hydra bites you.
* * * LOW HITPOINT WARNING * * *
The eight-headed hydra bites you but does no damage.
The eight-headed hydra barely misses you.
The eight-headed hydra bites you but does no damage.
The eight-headed hydra misses you. The eight-headed hydra bites you.
You die...

#......#.... #.....
#.... #....###....
#....#......
#....#......
############z...#......
#.....#.........'..[...
#.....#.........#......
#....D@....<....#......
#.....#.........#......
#.....#.........#......
#######################


You could see an eight-headed hydra and a wight.

Vanquished Creatures
  2 two-headed ogres
  The ghost of VDreamerV the Changer, a novice OpTm (D:4)
  A troll (D:10)
  Grinder (D:5)
  Prince Ribbit (D:6)
  A hippogriff (D:8)
  A shadow (D:11)
  Eustachio (D:6)
  A hungry ghost (D:4)
  3 yaks (D:9)
  A human (D:8)
  Duvessa (D:5)
  An orc warrior (D:10)
  3 sky beasts
  An ice beast (D:6)
  2 black bears (D:7)
  3 phantoms
  An eye of draining (D:8)
  A necrophage (D:9)
  3 centaurs
  3 ogres
  2 wolves (D:10)
  A big kobold (D:10)
  4 bullfrogs
  Dowan (D:5)
  2 scorpions
  16 killer bees
  3 wights (D:10)
  3 electric eels (D:10)
  3 howler monkeys (D:9)
  A crimson imp (D:7)
  4 jellies
  A bullfrog zombie (D:10)
  7 orc priests
  10 hounds
  3 iguanas
  2 iron imps (D:7)
  8 orc wizards
  Natasha (D:3)
  4 worker ants
  2 hound skeletons
  A hound zombie (D:5)
  Robin (D:2)
  4 gnolls
  11 adders
  A shadow imp (D:8)
  An ooze (D:7)
  An adder zombie (D:8)
  An adder skeleton (D:4)
  3 worms
  6 dart slugs
  9 leopard geckos
  23 orcs
  9 bats
  6 giant cockroaches
  13 goblins
  16 hobgoblins
  11 jackals
  10 kobolds
  6 quokkas
  6 frilled lizards
  A leopard gecko skeleton (D:7)
  10 rats
261 creatures vanquished.

Vanquished Creatures (others)
  A human (D:3)
  An orc priest (D:7)
  A shadow imp (D:10)
3 creatures vanquished.

Grand Total: 264 creatures vanquished

Notes
Turn   | Place    | Note
-------+----------+-------------------------------------------
     0 | D:1      | 4thArraOfDagon the Mummy Fire Elementalist began the quest for the Orb.
     0 | D:1      | Reached XP level 1. HP: 13/13 MP: 4/4
    28 | D:1      | Reached skill level 1 in Conjurations
    39 | D:1      | Reached XP level 2. HP: 18/19 MP: 2/5
    76 | D:1      | You fall through a shaft!
    77 | D:2      | Found a stormy altar of Qazlal.
   138 | D:2      | Reached XP level 3. HP: 22/24 MP: 3/7
   221 | D:3      | Learned a level 3 spell: Conjure Flame
   454 | D:5      | Entered Level 5 of the Dungeon
   610 | D:5      | Noticed Duvessa
   610 | D:5      | Noticed Dowan
   705 | D:6      | Reached XP level 4. HP: 19/30 MP: 1/9
   711 | D:6      | Learned a level 4 spell: Sticky Flame
   762 | D:7      | Found a bloodstained altar of Trog.
   762 | D:7      | Noticed a black bear
   763 | D:7      | Noticed a black bear
   872 | D:6      | Noticed a bullfrog
   886 | D:6      | Killed a bullfrog
   886 | D:6      | Reached XP level 5. HP: 16/35 MP: 2/10
  1045 | D:8      | Noticed a hippogriff
  1050 | D:8      | Killed a hippogriff
  1050 | D:8      | Reached XP level 6. HP: 33/41 MP: 3/12
  1100 | D:8      | Noticed a sky beast
  1126 | D:8      | Killed a sky beast
  1170 | D:7      | Reached XP level 7. HP: 23/46 MP: 0/14
  1408 | D:7      | :o
  1561 | D:7      | Learned a level 5 spell: Fireball
  1571 | D:7      | Reached skill level 5 in Spellcasting
  1628 | D:7      | Reached skill level 5 in Fire Magic
  1848 | D:7      | Got a crystal short sword
  1849 | D:7      | Identified the cursed +2 short sword of Truncation {pain, rPois rF+ rN+ MR++} (You found it on level 7 of the Dungeon)
  2064 | D:5      | Found a staircase to the Ecumenical Temple.
  2073 | Temple   | Entered the Ecumenical Temple
  2079 | Temple   | at last
  2084 | Temple   | Became a worshipper of Vehumet
  2271 | D:4      | Reached XP level 8. HP: 32/52 MP: 7/16
  2559 | D:4      | Noticed VDreamerV's ghost (novice OpTm)
  2591 | D:3      | Reached skill level 5 in Conjurations
  2749 | D:1      | Reached * piety under Vehumet
  2749 | D:1      | Offered knowledge of Freeze by Vehumet.
  3642 | D:2      | Noticed Robin
  3678 | D:2      | Reached ** piety under Vehumet
  3681 | D:2      | Killed Robin
  3681 | D:2      | Offered knowledge of Sting by Vehumet.
  4111 | D:3      | Found an ancient bone altar of Kikubaaqudgha.
  4140 | D:3      | Noticed Natasha
  4148 | D:3      | Killed Natasha
  4818 | D:4      | Killed VDreamerV's ghost
  4902 | D:4      | rip bud
  5136 | D:5      | Noticed Grinder
  5159 | D:5      | Killed Duvessa
  5170 | D:5      | Killed Grinder
  5170 | D:5      | Reached XP level 9. HP: 50/57 MP: 5/19
  5174 | D:5      | Killed Dowan
  5433 | D:6      | Offered knowledge of Throw Frost by Vehumet.
  5532 | D:6      | Noticed Prince Ribbit
  5538 | D:6      | Killed Prince Ribbit
  5695 | D:6      | Noticed Eustachio
  5711 | D:6      | Killed Eustachio
  5711 | D:6      | Reached *** piety under Vehumet
  5810 | D:6      | Found an opulent altar of Gozag.
  6181 | D:6      | Found a glowing golden altar of the Shining One.
  6408 | D:7      | Found a sacrificial altar of Ru.
  6572 | D:7      | Found a burning altar of Makhleb.
  6673 | D:8      | Offered knowledge of Static Discharge by Vehumet.
  6961 | D:8      | Found Paafol's Armour Shop.
  7102 | D:8      | Noticed a two-headed ogre
  7123 | D:8      | Killed a two-headed ogre
  7123 | D:8      | Reached XP level 10. HP: 63/63 MP: 5/22
  7177 | D:8      | Found an ancient bone altar of Kikubaaqudgha.
  7567 | D:9      | Found an opulent altar of Gozag.
  7596 | D:9      | Reached **** piety under Vehumet
  7642 | D:9      | Found a sparkling altar of Nemelex Xobeh.
  7788 | D:9      | Offered knowledge of Venom Bolt by Vehumet.
  7852 | D:9      | Noticed a two-headed ogre
  7967 | D:10     | Entered Level 10 of the Dungeon
  8249 | D:10     | You fall through a shaft for 2 floors!
  8250 | D:12     | :O
  8362 | D:11     | Noticed a two-headed ogre
  8376 | D:11     | Killed a two-headed ogre
  8570 | D:10     | Reached ***** piety under Vehumet
  8571 | D:10     | Reached XP level 11. HP: 61/68 MP: 10/24
  8573 | D:10     | Offered knowledge of Olgreb's Toxic Radiance by Vehumet.
  8632 | D:10     | Learned a level 1 spell: Apportation
  8810 | D:11     | Noticed iamserjio's ghost (journeyman BaWz)
  8903 | D:11     | Noticed an eight-headed hydra
  8917 | D:11     | HP: 2/68 [eight-headed hydra (3)]
  8917 | D:11     | Slain by an eight-headed hydra

Vault maps used:
D:1:      scummos_arrival_simple_fountains, minmay_misc_feat_tiny,
          minmay_misc_feat_cross, hangedman_decor_lopped,
          hangedman_abyss_or_decor_stabs
D:2:      grunt_qazlal_sundering, serial_bayou_lake_a, uniq_robin
D:3:      tgw_kikubaaqudgha, uniq_natasha
D:4:      first_ration
D:5:      temple_hall, uniq_duvessa, uniq_grinder
D:6:      tso_oasis_becter, marbit_many_paths, uniq_eustachio,
          uniq_prince_ribbit1
D:7:      demons_altar, trog_ov_bears_minmay, nicolae_ru_the_path_less_chosen
D:8:      lemuel_doored_altar, serial_shops, nicolae_shop_trees, bh_chokoban,
          grunt_pizzeria
D:9:      nemelex_xobeh_ov_fountains_minmay, grunt_gozag_statues
D:10:     erik_lair_island, minmay_item_behind_shaft
D:11:     cheibrodos_shockbox, basic_altar, bh_walls_and_bars
D:12:     hangedman_arrow_trap, hiddenorc2_lemuel, minivault_14,
          minmay_guarded_unrand_skullcrusher
Temple:   nicolae_temple_great_sept

Skill      XL: |  1  2  3  4  5  6  7  8  9 10 |
---------------+-------------------------------+-----
Conjurations   | 1 2 3 4 6 7 9 |  9.2
Spellcasting   | 3 4 5 6 8 9 |  9.5
Fire Magic     | 3 4 5 6 8 9 |  9.5
Dodging        | |  1.5
Stealth        | |  1.5

Action                   |  1- 3 |  4- 6 |  7- 9 | 10-12 || total
-------------------------+-------+-------+-------+-------++-------
Melee: Unarmed           |     4 |       |       |       ||     4
       Spear             |    15 |    13 |    14 |       ||    42
       Short sword       |       |       |   237 |    98 ||   335
 Cast: Flame Tongue      |    36 |    25 |   146 |    34 ||   241
       Sticky Flame      |       |     4 |    42 |    20 ||    66
       Conjure Flame     |       |     1 |     8 |     5 ||    14
       Fireball          |       |       |       |    31 ||    31
Evoke: Wand              |       |       |     9 |       ||     9
  Use: Scroll            |       |       |     5 |     6 ||    11
 Stab: Sleeping          |     1 |       |     3 |     1 ||     5
Armor: Robe              |     5 |       |       |       ||     5
       Leather armour    |       |    14 |   131 |    88 ||   233
Dodge: Dodged            |    21 |    39 |   243 |   114 ||   417

Table legend:
 A = Spawn XP
 B = Non-spawn XP
 C = Spawn XP percentage of total XP
 D = Spawn monster count
 E = Non-spawn monster count
 F = Spawn count percentage of total count
 G = Total turns spent on level
                    A         B        C        D         E        F      G
               +---------+---------+-------+---------+---------+-------+---------
         Total |       0 |   11763 |   0.0 |       0 |     262 |   0.0 |  8917
               +---------+---------+-------+---------+---------+-------+---------
           D:1 |       0 |      79 |   0.0 |       0 |      33 |   0.0 |   819
           D:2 |       0 |     123 |   0.0 |       0 |      32 |   0.0 |   831
           D:3 |       0 |      95 |   0.0 |       0 |      25 |   0.0 |   921
           D:4 |       0 |     764 |   0.0 |       0 |      15 |   0.0 |   665
           D:5 |       0 |     977 |   0.0 |       0 |      15 |   0.0 |   742
           D:6 |       0 |     966 |   0.0 |       0 |      26 |   0.0 |  1415
           D:7 |       0 |    1037 |   0.0 |       0 |      24 |   0.0 |   835
           D:8 |       0 |    2199 |   0.0 |       0 |      20 |   0.0 |  1181
           D:9 |       0 |    1708 |   0.0 |       0 |      21 |   0.0 |   538
          D:10 |       0 |    2334 |   0.0 |       0 |      43 |   0.0 |   685
          D:11 |       0 |    1481 |   0.0 |       0 |       8 |   0.0 |   251
               +---------+---------+-------+---------+---------+-------+---------
